 Dungeon Crawl Stone Soup version 0.30-a0-996-ga6910c8ee8 (webtiles) character file.

Game seed: 12822327871337485540

58 Maxmaps the Insei (level 3, 0/43 HPs)
             Began as a Demonspawn Monk on Apr 5, 2023.
             Succumbed to an adder's poison
             ... on level 2 of the Dungeon.
             The game lasted 00:01:44 (915 turns).

Maxmaps the Insei (Demonspawn Monk)                  Turns: 915, Time: 00:01:44

Health: 0/43       AC: 21    Str: 11    XL:     3   Next: 76%
Magic:  3/3        EV:  2    Int: 13    God:
Gold:   49         SH:  0    Dex: 15    Spells: 2/2 levels left

rFire   . . .      SeeInvis .      - Unarmed
rCold   . . .      Faith    .    (no shield)
rNeg    . . .      Spirit   .    b - melded +0 ring mail
rPois   +          Reflect  .    (helmet currently unavailable)
rElec   .          Rampage  .    (cloak currently unavailable)
rCorr   .          NoTele   +    (gloves currently unavailable)
Will    .....                    (boots currently unavailable)
Stlth   ++                       (no amulet)
HPRegen 0.27/turn                (no ring)
MPRegen 0.08/turn                (no ring)

@: lethally poisoned (0 -> -6), tree-form
A: stationary, stasis, torment immunity, boosted hp, (claws 1)
a: no special abilities


You were on level 2 of the Dungeon.
You were a tree.
You visited 1 branch of the dungeon, and saw 2 of its levels.

You collected 49 gold pieces.

Inventory:

Missiles
 f - 2 throwing nets (quivered)
Armour
 b - a +0 ring mail (melded)
Scrolls
 c - a scroll of blinking {unknown}
 e - 2 scrolls of teleportation {unknown}
 g - a scroll of brand weapon {unknown}
 h - a scroll of summoning {unknown}
 j - 2 scrolls of fog {unknown}
 k - 2 scrolls of identify {unknown}
 l - a scroll of enchant armour {unknown}
Potions
 d - a potion of haste {unknown}
 i - a potion of lignification
 m - a potion of heal wounds {unknown}
 n - a potion of degeneration {unknown}


   Skills:
 - Level 3.0 Fighting
 + Level 0.1 Armour
 - Level 3.0 Dodging
 - Level 1.7 Stealth
 - Level 4.1 Unarmed Combat


You had 2 spell levels left.
You didn't know any spells.
Your spell library contained the following spells:

 Spells                   Type           Power      Damage    Failure   Level
 Kiss of Death            Conj/Necr      0%         2d5       30%         1
 Confusing Touch          Hex            0%         N/A       67%         3
 Dispel Undead            Necr           0%         3d6       97%         4


Dungeon Overview and Level Annotations

Branches:
Dungeon (2/15)

Altars:


Innate Abilities, Weirdness & Mutations

You are a tree.
Your roots penetrate the ground, keeping you stationary.
You cannot be teleported.
You are immune to unholy pain and torment.
Your maximum health is greatly increased.
Your equipment is partially melded.
((You have sharp fingernails.))


Message History

You are too injured to fight recklessly!
You are too injured to fight recklessly!
You are too injured to fight recklessly!
You are too injured to fight recklessly!
An adder is nearby!
An adder is nearby!
You are too injured to fight recklessly!
You scratch the adder.
The adder is almost dead.
You feel sick. The adder bites you but does no damage.
You closely miss the adder.
The adder is almost dead.
You feel sick. The adder bites you.
You are more poisoned.
The adder poisons you!
You closely miss the adder.
The adder is almost dead.
* * * LOW HITPOINT WARNING * * *
You feel sick. The adder bites you but does no damage.
You miss the adder.
The adder is almost dead.
You feel sick. The adder barely misses you.
You closely miss the adder.
The adder is almost dead.
You feel sick. The adder barely misses you.
You closely miss the adder.
The adder is almost dead.
You feel sick. The adder bites you but does no damage. The adder bites you.
* * * LOW HITPOINT WARNING * * *
You are lethally poisoned!
The adder poisons you!
You miss the adder.
The adder is almost dead.
* * * LOW HITPOINT WARNING * * *
You feel very sick. The adder bites you.
* * * LOW HITPOINT WARNING * * *
It was a potion of lignification.
You turn into a tree.
Your +0 ring mail melds into your body.
Your roots penetrate the ground.
You die...

##### #. #...# .... #
#######...####..#.# ##
..........#....#..# #.
#..#.....####>#####.
#S♣..).............
.......#####...##.######
..##### ###....###...
############......##
........###..##[.##
........##..##....#
........##.##..##.#
........##.##.###.##
..............# #...


You could see an adder.

Vanquished Creatures
  3 adders (D:2)
  2 dart slugs
  3 bats
  3 endoplasms (D:1)
  A hobgoblin (D:1)
  4 jackals (D:1)
  A frilled lizard (D:2)
  2 goblins
  3 kobolds
  4 rats
26 creatures vanquished.

Notes
Turn   | Place    | Note
-------+----------+-------------------------------------------
     0 | D:1      | Maxmaps the Demonspawn Monk began the quest for the Orb.
     0 | D:1      | Reached XP level 1. HP: 18/18 MP: 1/1
    27 | D:1      | Reached skill level 3 in Unarmed Combat
   145 | D:1      | Gained mutation: You have sharp fingernails. [demonic
                  | ancestry]
   145 | D:1      | Reached XP level 2. HP: 18/24 MP: 2/2
   700 | D:2      | Reached XP level 3. HP: 11/29 MP: 3/3
   714 | D:2      | Reached skill level 4 in Unarmed Combat
   914 | D:2      | HP: 1/29 [adder (1)]
   915 | D:2      | Succumbed to an adder's poison

Illustrated notes

Levels and vault maps discovered:
D:1:      scummos_arrival_hexagon, layout_rooms, minmay_misc_feat_pillars
D:2:      layout_rooms

Skill      XL: |  1  2  3 |
---------------+----------+-----
Unarmed Combat | 3 4 |  4.1
Dodging        | 3 |  3.0
Fighting       | |  3.0
Armour         | |  0.1
Stealth        | |  1.7

Action                     || total
---------------------------++-------
  Melee: Unarmed           ||   102
         Punch             ||     2
    Use: Potion            ||     2
   Stab: Sleeping          ||     2
 Armour: Robe              ||    18
         Ring mail         ||     9
  Dodge: Dodged            ||    84

Table legend: (Time is in decaauts)
 A = Elapsed time spent in this place.
 B = Non-inter-level travel time spent in this place.
 C = Inter-level travel time spent in this place.
 D = Time resting spent in this place.
 E = Time spent auto-exploring this place.
 F = Levels seen in this place.
 G = Mean time per level.
                   A        B        C        D        E       F      G
               +--------+--------+--------+--------+--------+-----+--------+
         Total |    907 |    883 |     24 |      0 |    639 |   2 |  453.5 |
       Dungeon |    907 |    883 |     24 |      0 |    639 |   2 |  453.5 |
               +--------+--------+--------+--------+--------+-----+--------+

Top non-repeatable levels by time:
     D:1: 595 daAuts
     D:2: 312 daAuts
